 Dungeon Crawl Stone Soup version 0.22-a0-49-g614aadd (webtiles) character file.

90 KristoblXynda the Conjurer (level 4, -1/33 HPs)
             Began as a Draconian Conjurer on Jan 8, 2018.
             Slain by a scorpion (7 damage)
             ... on level 4 of the Dungeon.
             The game lasted 00:06:40 (3542 turns).

KristoblXynda the Conjurer (Draconian Conjurer)     Turns: 3542, Time: 00:06:41

Health: -1/33      AC:  7    Str: 15    XL:     4   Next: 32%
Magic:  0/9        EV: 12    Int: 16    God:
Gold:   112        SH:  0    Dex: 12    Spells: 5/9 levels left

rFire    . . .     SeeInvis .   e - +0 dagger
rCold    . . .     Gourm    .   (no shield)
rNeg     . . .     Faith    .   (armour unavailable)
rPois    .         Spirit   .   (helmet restricted)
rElec    .         Reflect  .   c - +1 cloak
rCorr    +         Harm     .   (no gloves)
MR       .....                  (no boots)
Stlth    ++........             (no amulet)
HPRegen  0.11/turn              f - ring of resist corrosion
MPRegen  0.11/turn              (no ring)

@: mighty, lethally poisoned (-1 -> -8)
A: unfitting armour, cold-blooded, AC +5
a: no special abilities


You were on level 4 of the Dungeon.
You were hungry.

You visited 1 branch of the dungeon, and saw 4 of its levels.

You collected 112 gold pieces.

Inventory:

Hand Weapons
 e - a +0 dagger (weapon)
Armour
 c - a +1 cloak (worn)
Jewellery
 f - a ring of resist corrosion (left hand)
Scrolls
 d - 2 scrolls of magic mapping
 g - a scroll of fog {unknown}
 h - a scroll of immolation {unknown}
 l - a scroll of amnesia {unknown}
 m - a scroll of remove curse {unknown}
 n - 2 scrolls of noise {unknown}
 p - a scroll of identify
 q - a scroll of fear {unknown}
Potions
 i - a potion of curing {unknown}
 j - a potion of flight
 k - a potion of magic
 o - 2 potions of heal wounds
 s - a potion of might
Books
 a - a book of Conjurations

   Spells                             Type                      Level
   a - Magic Dart                     Conjuration                  1
   b - Searing Ray                    Conjuration                  2
   c - Dazzling Spray                 Conjuration/Hexes            3
   d - Fulminant Prism                Conjuration/Hexes            4
   e - Force Lance                    Conjuration/Translocation    4
   f - Iskenderun's Mystic Blast      Conjuration                  4
 r - a book of Changes

   Spells                             Type                      Level
   a - Beastly Appendage              Transmutation                1
   b - Sticks to Snakes               Transmutation                2
   c - Spider Form                    Transmutation/Poison         3
   d - Ice Form                       Ice/Transmutation            4
   e - Blade Hands                    Transmutation                5
Comestibles
 b - 6 rations


   Skills:
 - Level 1.7 Dodging
 - Level 1.7 Stealth
 + Level 3.3 Spellcasting
 + Level 5.0 Conjurations


You had 5 spell levels left.
You knew the following spells:

 Your Spells              Type           Power        Failure   Level  Hunger
a - Magic Dart            Conj           ###.         2%          1    None
b - Dazzling Spray        Conj/Hex       ##....       19%         3    ###....


Dungeon Overview and Level Annotations

Branches:
Dungeon (4/15)
 Temple: D:4-7

Altars:
Cheibriados
Gozag
Wu Jian
Yredelemnul
The Shining One

Shops:
D:4 *

Annotations:
D:3 kal9871's ghost, amateur OpTm


Innate Abilities, Weirdness & Mutations

Your plain brown scales are hard. (AC +5)
You cannot fit into any form of body armour.
You are cold-blooded and may be slowed by cold attacks.


Message History

Aiming: Magic Dart
Press: ? - help, Shift-Dir - straight line, f/p - scorpion
Aim: a scorpion (severely wounded)
The magic dart hits the scorpion.
The scorpion is almost dead.
You feel sick. The scorpion stings you.
* * * LOW HITPOINT WARNING * * *
You feel sick.
There is an open door here.
* * * LOW HITPOINT WARNING * * *
You feel sick.
* * * LOW HITPOINT WARNING * * *
You feel sick.
* * * LOW HITPOINT WARNING * * *
You feel sick.
There is an open door here.
It was a potion of might.
You feel very mighty all of a sudden. The scorpion stings you!
You die...

#...# ##+###...#
#....#...# #....#...+
#..#....#...# ###
#.##....###'##...#
##.#.....#.........#
+..#.....#s........#
#..#.....@.........#
#..#.....#+#########
##+###..##'##...........#
#.......(...'...........#
+...........#...........#
##+###..#####...........
##..#...........###
#...#...........#
#...#...........#


You could see a scorpion.

Vanquished Creatures
  3 adders
  A worm (D:3)
  2 dart slugs
  An orc (D:3)
  8 bats
  6 giant cockroaches
  8 goblins
  6 hobgoblins
  A quokka (D:3)
  4 frilled lizards
  2 gnoll zombies (D:2)
  3 kobolds
  8 rats
53 creatures vanquished.

Notes
Turn   | Place    | Note
-------+----------+-------------------------------------------
     0 | D:1      | KristoblXynda the Draconian Conjurer began the quest for the Orb.
     0 | D:1      | Reached XP level 1. HP: 14/14 MP: 3/3
   449 | D:1      | Reached XP level 2. HP: 20/20 MP: 1/5
  1339 | D:1      | You fall through a shaft!
  1750 | D:2      | Reached XP level 3. HP: 26/26 MP: 4/7
  1755 | D:2      | Learned a level 3 spell: Dazzling Spray
  2064 | D:2      | Found a basalt altar of Yredelemnul.
  2159 | D:3      | Noticed kal9871's ghost (amateur OpTm)
  2395 | D:3      | Found an ornate altar of the Wu Jian Council.
  2445 | D:3      | Found a snail-covered altar of Cheibriados.
  2445 | D:3      | Found an opulent altar of Gozag.
  2480 | D:3      | Reached XP level 4. HP: 33/33 MP: 0/8
  2838 | D:3      | Reached skill level 5 in Conjurations
  3141 | D:3      | Found a glowing golden altar of the Shining One.
  3499 | D:4      | Found Zeni's Assorted Antiques.
  3542 | D:4      | Slain by a scorpion

Vault maps used:
D:1:      dpeg_arrival_signposts
D:2:      lemuel_zombie_altar_yredelemnul, first_ration, st_stairs_11
D:3:      grunt_temple_overflow_open, lemuel_doored_altar, lemuel_crystal_altar
D:4:      serial_shops, shop, serial_bayou_lake_a, uniq_duvessa, uniq_menkaure

Skill      XL: |  1  2  3  4 |
---------------+-------------+-----
Spellcasting   | 3 |  3.3
Conjurations   | 5 |  5.0
Dodging        | |  1.7
Stealth        | |  1.7

Action                   |  1- 3 |  4- 6 || total
-------------------------+-------+-------++-------
Melee: Unarmed           |     7 |       ||     7
       Dagger            |    34 |    25 ||    59
       Tailslap          |     2 |     3 ||     5
 Cast: Magic Dart        |    76 |    37 ||   113
  Use: Scroll            |     5 |     1 ||     6
       Potion            |       |     1 ||     1
 Stab: Sleeping          |     2 |       ||     2
  Eat: Chunk             |     5 |     3 ||     8
Armor: Skin              |    16 |     5 ||    21
Dodge: Dodged            |    34 |    26 ||    60

Table legend:
 A = Spawn XP
 B = Non-spawn XP
 C = Spawn XP percentage of total XP
 D = Spawn monster count
 E = Non-spawn monster count
 F = Spawn count percentage of total count
 G = Total turns spent on level
                    A         B        C        D         E        F      G
               +---------+---------+-------+---------+---------+-------+---------
         Total |       0 |     129 |   0.0 |       0 |      53 |   0.0 |  3542
               +---------+---------+-------+---------+---------+-------+---------
           D:1 |       0 |      29 |   0.0 |       0 |      18 |   0.0 |  1332
           D:2 |       0 |      36 |   0.0 |       0 |      14 |   0.0 |   806
           D:3 |       0 |      64 |   0.0 |       0 |      21 |   0.0 |  1213
               +---------+---------+-------+---------+---------+-------+---------
